AoeStats
← 化学炼金法Al+Cu→Au+Cl

Fortress

510089765Analyzed
4v4 RM · 4d ago on Sep 29, 2026· 28m 21s· 8 players
Game mode
Random Map
Map size
Huge
Population
200
Speed
Normal
Resources
Standard
Victory
Conquest
Starting age
Dark Age
Ending age
Imperial Age
RankedLock teamsTeams togetherTeam positionsShared explorationLock speedFull tech treeHidden civsTurbo modeCheats
Victory
Defeat
🇦🇷 Poles · Argentina
1134
+13
🇨🇳 Spanish · China
1097
+14
🇨🇳 Turks · China
1062
+16
🇨🇳 Romans · China
1048
+16
🇨🇳 Mongols · China
1144
-19
1068
-15
🇨🇳 Huns · China
1046
-14
🇨🇳 Spanish · China
971
-11
nanbo1
3:37 Loom
7:52 Feudal Age
12:21 Castle Age
10:36 Double-Bit Axe
10:54 Horse Collar
11:33 Gold Mining
16:02 Bow Saw
16:04 Heavy Plow
17:45 Wheelbarrow
20:27 Town Watch
king vitt
0:47 Loom
11:04 Feudal Age
12:24 Wheelbarrow
11:34 Horse Collar
11:41 Double-Bit Axe
16:43 Castle Age
17:40 Hand Cart
18:02 Bow Saw
17:56 Heavy Plow
20:13 Gold Mining
20:32 Town Watch
23:25 Gold Shaft Mining
22:45 Stone Mining
28:23 Imperial Age
TiraFlechas1861
0:33 Loom
7:16 Feudal Age
8:48 Double-Bit Axe
13:04 Castle Age
12:54 Horse Collar
14:49 Wheelbarrow
14:27 Bow Saw
18:22 Town Watch
18:44 Scale Barding Armor
19:30 Bloodlines
19:21 Husbandry
20:07 Heavy Plow
20:30 Forging
21:24 Husbandry
21:47 Gold Mining
21:47 Stone Mining
23:13 Hand Cart
23:52 Light Cavalry
24:55 Town Patrol
25:55 Chain Barding Armor
26:11 Iron Casting
29:15 Imperial Age
27:28 Szlachta Privileges
1627714649
11:31 Feudal Age
12:24 Double-Bit Axe
12:26 Horse Collar
12:41 Gold Mining
15:23 Castle Age
19:22 Imperial Age
17:14 Bow Saw
17:46 Padded Archer Armor
20:13 Leather Archer Armor
27:27 Gold Shaft Mining
27:55 Two-Man Saw
28:29 Loom
29:20 Wheelbarrow
叫声乌鸦哥
7:20 Feudal Age
11:07 Castle Age
9:42 Double-Bit Axe
10:05 Horse Collar
13:04 Heavy Plow
17:56 Wheelbarrow
17:08 Loom
18:31 Gold Mining
19:09 Fletching
20:21 Padded Archer Armor
21:13 Bow Saw
21:20 Bodkin Arrow
21:55 Husbandry
22:45 Leather Archer Armor
22:40 Thumb Ring
22:47 Bloodlines
24:09 Gold Shaft Mining
24:16 Ballistics
28:25 Imperial Age
26:41 Hand Cart
26:58 Town Watch
从不压堡之人
6:51 Feudal Age
10:47 Castle Age
8:44 Double-Bit Axe
9:15 Horse Collar
9:50 Horse Collar
10:51 Wheelbarrow
13:22 Bow Saw
18:10 Loom
20:10 Heavy Plow
20:12 Town Watch
20:59 Fletching
21:32 Ballistics
21:22 Padded Archer Armor
21:45 Bodkin Arrow
23:35 Husbandry
26:58 Bloodlines
28:44 Redemption
化学炼金法Al+Cu→Au+Cl
7:41 Feudal Age
11:33 Castle Age
10:20 Double-Bit Axe
10:15 Horse Collar
12:33 Bow Saw
13:08 Heavy Plow
18:38 Wheelbarrow
23:39 Imperial Age
21:26 Hand Cart
20:56 Loom
21:13 Town Watch
21:30 Gold Mining
21:30 Stone Mining
22:36 Scale Barding Armor
22:41 Forging
24:14 Stone Shaft Mining
23:59 Bloodlines
23:49 Husbandry
24:13 Chain Barding Armor
24:58 Iron Casting
24:04 Cavalier
25:16 Szlachta Privileges
25:32 Conscription
26:13 Crop Rotation
27:23 Blast Furnace
26:24 Treadmill Crane
28:08 Fortified Wall
29:00 Chemistry
LLK是给
8:01 Feudal Age
8:40 Double-Bit Axe
11:38 Castle Age
10:01 Horse Collar
12:47 Bow Saw
15:37 Wheelbarrow
14:54 Loom
16:47 Heavy Plow
18:13 Gold Mining
18:39 Hand Cart
18:45 Hand Cart
19:49 Gold Shaft Mining
19:17 Town Watch
23:38 Imperial Age
21:01 Fletching
21:26 Padded Archer Armor
22:07 Bodkin Arrow
22:52 Leather Archer Armor
23:23 Ballistics
23:27 Bloodlines
23:20 Husbandry
23:35 Thumb Ring
24:33 Bracer
25:35 Chemistry
25:06 Parthian Tactics
25:55 Heavy Cavalry Archer
29:06 Conscription
Connection lost

Rejoining the realm…

Still unreachable

The connection could not be restored.

Session expired

The server has moved on; the page needs a fresh start.